 Dungeon Crawl Stone Soup version 0.31-a0-268-g4392ee761c (webtiles) character file.

Game seed: 8596741837957439970

42 qw the Shooter (level 3, -9/29 HPs)
             Began as a Minotaur Hexslinger on July 14, 2023.
             Mangled by a gnoll
             ... wielding a +0 halberd
              (12 damage)
             ... on level 2 of the Dungeon.
             The game lasted 00:00:23 (781 turns).

qw the Shooter (Minotaur Hexslinger)                 Turns: 781, Time: 00:00:23

Health: -9/29      AC:  3    Str: 12    XL:     3   Next: 35%
Magic:  3/3        EV: 12    Int: 10    God:
Gold:   116        SH:  0    Dex: 14    Spells: 3/4 levels left

rFire   . . .        a - +1 sling
rCold   . . .        (no shield)
rNeg    . . .        c - +0 robe
rPois   .            (helmet restricted)
rElec   .            (no cloak)
rCorr   .            (no gloves)
SInv    .            f - +0 pair of boots
Will    .....        (no amulet)
Stlth   +            (no ring)
HPRegen 0.24/turn    (no ring)
MPRegen 0.08/turn

%: no passive effects
@: no status effects
A: horns 2, retaliatory headbutt
a: no special abilities


You were on level 2 of the Dungeon.
You visited 1 branch of the dungeon, and saw 2 of its levels.

You collected 116 gold pieces.


Innate Abilities, Weirdness & Mutations

You have a pair of horns on your head.
You reflexively headbutt those who attack you in melee.


   Skills:
 - Level 2.1 Fighting
 + Level 3.9 Ranged Weapons
 - Level 2.1 Dodging
 - Level 1.0 Spellcasting
 - Level 2.0 Hexes


You had 3 spell levels left.
You knew the following spells:

 Your Spells              Type           Power      Damage    Failure   Level
a - Slow                  Hex            16%        N/A       16%         1

Your spell library contained the following spells:

 Spells                   Type           Power      Damage    Failure   Level
 Inner Flame              Hex/Fire       2%         N/A       56%         3
 Portal Projectile        Hex/Tloc       4%         N/A       56%         3
 Cause Fear               Hex            2%         N/A       83%         4

Inventory:

Hand Weapons
 a - a +1 sling (weapon)
Armour
 c - a +0 robe (worn)
 f - a +0 pair of boots (worn)
Scrolls
 b - a scroll of brand weapon {unknown}
 g - a scroll of teleportation {unknown}
 i - a scroll of fog {unknown}
Potions
 d - a potion of enlightenment
 e - a potion of degeneration {unknown}
 h - a potion of curing {unknown}

Dungeon Overview and Level Annotations

Branches:
Dungeon (2/15)

Altars:


Message History

Enter note:
Enter note:
Enter note: A gnoll is nearby!
Enter note:
Enter note:
Enter note:
Enter note:
Enter note:
Enter note:
Enter note:
Enter note:
Enter note: You shoot a sling bullet.
The sling bullet closely misses the gnoll.
You shoot a sling bullet.
The sling bullet barely misses the gnoll.
The gnoll hits you from afar with a +0 spear of flaming.
The gnoll burns you. The gnoll hits you but does no damage.
The gnoll closely misses you.
You shoot a sling bullet. The sling bullet hits the gnoll.
The gnoll is lightly wounded.
The gnoll hits you from afar with a +0 spear of flaming.
The gnoll burns you. The gnoll barely misses you.
You shoot a sling bullet. The sling bullet hits the gnoll!
The gnoll is severely wounded.
The gnoll closely misses you.
The gnoll hits you from afar with a +0 halberd!
You shoot a sling bullet. The sling bullet hits the gnoll!
You kill the gnoll!
The gnoll hits you from afar with a +0 spear of flaming.
The gnoll burns you.
The gnoll hits you from afar with a +0 halberd.
You shoot a sling bullet.
The sling bullet completely misses the gnoll.
The gnoll barely misses you. x2
You shoot a sling bullet. The sling bullet hits the dart slug.
The dart slug is heavily wounded.
The gnoll hits you from afar with a +0 halberd!
You die...

...)...>.......#..# ..##
......###......#..# .# ......#
#......#..# ..
.....####.##...#'####...# .....>
................##########
#####.#.......#...#.....(..<.<..)
..........#g#).#..........##
......#...#.#....#....#...#
.........#@#..g......<...#
.....###.)w###......#...# ....#
..#.#g..#g.g..#...#
.###...#.#...###w..#...# #.. #.#
..# .#.##...# ..## ... ##.. ...
... ... ## ### ##


You could see 2 gnolls and a dart slug.

Vanquished Creatures
  A gnoll (D:2)
  2 worms (D:2)
  A dart slug (D:2)
  2 endoplasms
  5 giant cockroaches
  4 goblins
  A hobgoblin (D:1)
  2 kobolds (D:2)
  2 bats
  2 frilled lizards (D:1)
  3 rats
25 creatures vanquished.

Notes
Turn   | Place    | Note
-------+----------+-------------------------------------------
     0 | D:1      | qw the Minotaur Hexslinger began the quest for the Orb.
     0 | D:1      | Reached XP level 1. HP: 16/16 MP: 1/1
     0 | D:1      | 0 ||| qw: Version: 0.3-a-52-g30416fa
     0 | D:1      | 0 ||| qw: Game counter: 7935
     0 | D:1      | 0 ||| qw: Melee chars always use a shield: true
     0 | D:1      | 0 ||| qw: God list: Okawaru
     0 | D:1      | 0 ||| qw: Allow faded altars: false
     0 | D:1      | 0 ||| qw: Do Orc after clearing Dungeon:15 true
     0 | D:1      | 0 ||| qw: Do second Lair branch before Depths: true
     0 | D:1      | 0 ||| qw: Lair rune preference: random
     0 | D:1      | 0 ||| qw: Goals: Normal
     0 | D:1      | 0 ||| PLANNING D:1-11
    96 | D:1      | Found a faded altar of an unknown god.
   388 | D:1      | Reached skill level 3 in Ranged Weapons
   388 | D:1      | Reached XP level 2. HP: 23/23 MP: 2/2
   470 | D:1      | 470 ||| UPGRADING to +0 pair of boots.
   475 | D:1      | 475 ||| DROPPING ring of wizardry.
   476 | D:1      | 476 ||| DRINKING 2 red potions.
   477 | D:1      | 477 ||| DROPPING scroll of poison.
   654 | D:2      | Reached XP level 3. HP: 29/29 MP: 3/3
   772 | D:2      | 772 ||| Stepping ~*~*~tactically~*~*~ (outnumbered).
   779 | D:2      | HP: 7/29 [gnoll/+0 spear of flaming (5)]
   779 | D:2      | HP: 2/29 [gnoll/+0 halberd (3)]
   781 | D:2      | Mangled by a gnoll

Levels and vault maps discovered:
D:1:      lightli_arrival_isolated_outpost, layout_loops_ring,
          ebering_ecumenical_altar_box, dreamdust_wishing_well
D:2:      minmay_chambers_of_twos, layout_rooms, dk_noncrumbling_2,
          chequers_garden, nicolae_titane

Skill      XL: |  1  2 |
---------------+-------+-----
Ranged Weapons | 3 |  3.9
Fighting       | 2 |  2.1
Dodging        | |  2.1
Spellcasting   | |  1.0
Hexes          | |  2.0

Action                     || total
---------------------------++-------
   Fire: Sling             ||    84
    Use: Potion            ||     1
 Armour: Robe              ||     7
  Dodge: Dodged            ||    22

Table legend:
 A = Non-vault XP
 B = Vault XP
 C = Vault XP percentage of total XP
 D = Non-vault monster count
 E = Vault monster count
 F = Vault count percentage of total count
                 A         B        C        D         E       F
            +---------+---------+-------+---------+---------+-------
      Total |      61 |       0 |   0.0 |      25 |       0 |   0.0
            +---------+---------+-------+---------+---------+-------
        D:1 |      14 |       0 |   0.0 |       9 |       0 |   0.0
        D:2 |      47 |       0 |   0.0 |      16 |       0 |   0.0
            +---------+---------+-------+---------+---------+-------
